 Dungeon Crawl Stone Soup version 0.31-a0-731-ga75f04deac (webtiles) character file.

Game seed: 14883373695382202310

5516 MacCMillion the Carver (level 10, -3/64 HPs)
             Began as a Tengu Gladiator on Sept 12, 2023.
             Was a Follower of Qazlal.
             Slain by a spectral orc knight
             ... wielding a +0 war axe
             ... summoned by Nergalle
              (8 damage)
             ... on level 10 of the Dungeon.
             The game lasted 00:22:06 (10022 turns).

MacCMillion the Carver (Tengu Gladiator)           Turns: 10022, Time: 00:22:07

Health: -3/64      AC: 10    Str: 16    XL:     10   Next: 70%
Magic:  0/11       EV: 14    Int: 15    God:    Qazlal [*.....]
Gold:   226        SH:  2    Dex: 18    Spells: 9/9 levels left

rFire   + . .        e - +4 scimitar (freeze)
rCold   + . .        (no shield)
rNeg    . . .        i - +0 chain mail of the Jackalope {Rampage rF+ Will+ rCorr}
rPois   .            c - +0 hat
rElec   .            (no cloak)
rCorr   +            (no gloves)
SInv    .            (boots unavailable)
Will    +....        u - amulet of guardian spirit Stlth
                     q - +6 ring of intelligence
HPRegen 0.30/turn    F - ring of protection from cold
MPRegen 0.12/turn

%: acrobat, guardian spirit, rampage
@: about to teleport, flying
A: beak, talons 3, evasive flight, acrobatic
a: Renounce Religion


You were on level 10 of the Dungeon.
You worshipped Qazlal.
Qazlal was aware of your devotion.
You visited 2 branches of the dungeon, and saw 11 of its levels.

You collected 591 gold pieces.
You spent 365 gold pieces at shops.

Inventory:

Hand Weapons
 e - a +4 scimitar of freezing (weapon)
 x - a +1 dagger of venom
Missiles
 a - a javelin
 d - 3 throwing nets
 l - 11 poisoned darts (quivered)
Armour
 b - a +0 leather armour
 c - a +0 hat (worn)
 i - the +0 chain mail of the Jackalope (worn) {Rampage rF+ Will+ rCorr}
   (You bought it in a shop on level 5 of the Dungeon)

   rF+:       It protects you from fire.
   Will+:     It increases your willpower.
   rCorr:     It protects you from acid and corrosion.
   Rampage:   It bestows one free step when moving towards enemies.
 w - the +1 leather armour of Asiso {rF+}
   (You found it on level 4 of the Dungeon)

   rF+:       It protects you from fire.
Jewellery
 q - a +6 ring of intelligence (left hand)
 u - an amulet of guardian spirit (around neck)
 F - a ring of protection from cold (right hand)
 G - a ring of willpower
Wands
 C - a wand of quicksilver (19)
 E - a wand of iceblast (9)
 H - a wand of flame (13)
 J - a wand of paralysis (8)
Scrolls
 f - 2 scrolls of enchant weapon {unknown}
 h - 6 scrolls of teleportation
 k - 4 scrolls of identify
 r - 5 scrolls of vulnerability
 s - 2 scrolls of enchant armour {unknown}
 t - 4 scrolls of revelation {unknown}
 y - a scroll of fog {unknown}
 D - a scroll of immolation {unknown}
 I - a scroll of amnesia {unknown}
 K - a scroll of blinking {unknown}
 L - a scroll of brand weapon {unknown}
Potions
 g - 2 potions of degeneration
 j - 3 potions of attraction
 n - 4 potions of curing
 v - a potion of magic {unknown}
 z - a potion of haste {unknown}
 A - a potion of brilliance {unknown}
 B - a potion of heal wounds {unknown}


   Skills:
 + Level 7.9 Fighting
 + Level 12.8 Long Blades
 - Level 2.0 Throwing
 + Level 6.8 Armour
 - Level 5.3 Dodging


You had 9 spell levels left.
You didn't know any spells.
Your spell library contained the following spells:

 Spells                   Type           Power      Damage    Failure   Level
 Apportation              Tloc           0%         N/A       95%         1
 Necrotise                Necr           0%         1d4       95%         1
 Summon Small Mammal      Summ           0%         N/A       95%         1
 Gell's Gravitas          Tloc           0%         N/A       100%        3
 Teleport Other           Tloc           0%         N/A       100%        3
 Dispersal                Tloc           0%         N/A       100%        6


Dungeon Overview and Level Annotations

Branches:
Dungeon (10/15)            Temple (1/1) D:7
   Lair: D:8-11         Orc: D:9-12

Altars:
Ashenzari
Cheibriados
Dithmenos
Elyvilon
Fedhas
Gozag
Hepliaklqana
Kikubaaqudgha
Makhleb
Okawaru
Qazlal
Ru
Sif Muna
Trog
Vehumet
Wu Jian
Xom
Yredelemnul
Zin
The Shining One

Shops:
D:5 [   D:6 *

Annotations:
D:7 exclusion: vampire, Jeremiah
D:10 Nergalle, Snorg


Innate Abilities, Weirdness & Mutations

You have a beak for a mouth.
You have claws for feet.
Your magical flight helps you evade attacks. (EV +4)
You can magically evade attacks while moving or waiting.


Message History

Snorg bites you but does no damage. Snorg misses you. Snorg claws you!
* * * LOW HITPOINT WARNING * * *
The centaur shoots an arrow.
The arrow hits you!
* * * LOW HITPOINT WARNING * * *
Your surroundings suddenly seem different.
Nergalle and a shadow come into view.
Nergalle is wielding a +5 dagger of draining.
Okay, then.
As you read the scroll of teleportation, it crumbles to dust.
You feel strangely unstable.
It was a potion of lignification.
You turn into a tree.
Your +0 hat melds into your body.
The +0 chain mail of the Jackalope {Rampage rF+ Will+ rCorr} melds into your body.
Your roots penetrate the ground.
You feel strangely stable. Nergalle casts a spell at you.
Orcish apparitions take form around you.
Okay, then.
It was a potion of cancellation.
Your magical effects are unravelling.
You feel magically purged.
You feel less wooden.
Your +0 hat unmelds from your body.
The +0 chain mail of the Jackalope {Rampage rF+ Will+ rCorr} unmelds from your body.
The shadow closely misses you.
The spectral orc warrior barely misses you.
As you read the scroll of fear, it crumbles to dust.
You assume a fearsome visage.
The spectral orc warrior is unaffected.
The spectral orc is unaffected.
Nergalle looks frightened!
The shadow is unaffected.
The spectral orc knight is unaffected.
The spectral orc warrior closely misses you.
The spectral orc knight closely misses you.
Okay, then.
You rampage towards Nergalle!
The shadow slips into darkness.
The shadow flickers and vanishes!
Deactivating autopickup; reactivate with Ctrl-A.
As you read the scroll of teleportation, it crumbles to dust.
You feel strangely unstable.
The spectral orc knight hits you with a +0 war axe!
You die...

### ...... ....
......
....######......
..............#
..............+
......Z{......#
#Z......+
#..Z....#
###@ยง...#
#.....# #.....+
......# .....o#
.........
..........
#..........


You could see Nergalle (fleeing), a spectral orc (summoned), a spectral orc
warrior (summoned) and a spectral orc knight (summoned).

Vanquished Creatures
  Joseph (D:7)
  Maggie (D:8)
  3 trolls (D:9)
  A shadow (D:9)
  5 yaks
  Edmund (D:5)
  An acid dragon (D:9)
  3 black bears
  2 ice beasts
  2 orc warriors
  A sky beast (D:8)
  3 centaurs
  A kobold brigand (D:9)
  6 bullfrogs
  2 gnoll sergeants
  3 scorpions (D:4)
  6 wights
  4 killer bees (D:9)
  4 electric eels (D:7)
  A crimson imp (D:9)
  4 hounds
  A jelly (D:4)
  4 orc priests
  3 iguanas
  9 orc wizards
  9 gnolls
  7 adders
  A shadow imp (D:8)
  2 white imps
  An ufetubus (D:5)
  A dart slug (D:1)
  24 orcs
  7 endoplasms
  2 giant cockroaches (D:1)
  7 goblins
  9 hobgoblins
  A quokka (D:1)
  2 ball pythons
  4 frilled lizards
  15 kobolds
  3 rats
167 creatures vanquished.

Vanquished Creatures (others)
  An orc wizard (D:10)
1 creature vanquished.

Grand Total: 168 creatures vanquished

Notes
Turn   | Place    | Note
-------+----------+-------------------------------------------
     0 | D:1      | MacCMillion the Tengu Gladiator began the quest for the
                  | Orb.
     0 | D:1      | Reached XP level 1. HP: 12/12 MP: 2/2
   194 | D:1      | Found a faded altar of an unknown god.
   216 | D:1      | You fall into a shaft and drop 1 floor!
   227 | D:2      | Reached XP level 2. HP: 14/17 MP: 3/3
   388 | D:1      | Reached skill level 4 in Long Blades
  1183 | D:2      | Reached XP level 3. HP: 21/21 MP: 4/4
  1394 | D:2      | Found a blossoming altar of Fedhas.
  1870 | D:3      | Found a shadowy altar of Dithmenos.
  1894 | D:3      | Reached skill level 5 in Long Blades
  1953 | D:3      | Reached XP level 4. HP: 24/26 MP: 5/5
  2363 | D:3      | Reached skill level 6 in Long Blades
  2363 | D:3      | Reached XP level 5. HP: 15/30 MP: 6/6
  2891 | D:3      | Found an ornate altar of the Wu Jian Council.
  3246 | D:4      | Reached skill level 7 in Long Blades
  3246 | D:4      | Reached XP level 6. HP: 18/35 MP: 7/7
  3452 | D:4      | Identified the +1 leather armour of Asiso {rF+}
  3655 | D:4      | Reached skill level 8 in Long Blades
  3975 | D:5      | Entered Level 5 of the Dungeon
  4017 | D:5      | Noticed Edmund
  4033 | D:5      | Killed Edmund
  4034 | D:5      | Gained mutation: Your magical flight helps you evade
                  | attacks. (EV +4) [Tengu growth]
  4034 | D:5      | Reached XP level 7. HP: 32/40 MP: 8/8
  4124 | D:5      | Reached skill level 9 in Long Blades
  4171 | D:5      | Found a bloodstained altar of Trog.
  4242 | D:5      | Found Suytwuc's Armour Boutique.
  4938 | D:6      | Reached skill level 10 in Long Blades
  4938 | D:6      | Reached XP level 8. HP: 27/44 MP: 9/9
  5313 | D:6      | Found a broken altar of Ashenzari.
  5359 | D:6      | Found Bomuirr's General Store.
  6183 | D:7      | Noticed Jeremiah
  6488 | D:7      | Reached skill level 5 in Dodging
  6541 | D:7      | Found a staircase to the Ecumenical Temple.
  6550 | Temple   | Entered the Ecumenical Temple
  6569 | Temple   | Became a worshipper of Qazlal Stormbringer
  6673 | D:7      | Found a sacrificial altar of Ru.
  6702 | D:7      | Noticed a vampire
  6966 | D:6      | Bought a potion of curing for 39 gold pieces
  7018 | D:5      | Bought the +0 chain mail of the Jackalope {Rampage rF+
                  | Will+ rCorr} for 326 gold pieces
  7131 | D:7      | Reached XP level 9. HP: 31/52 MP: 5/10
  7135 | D:7      | Reached skill level 11 in Long Blades
  7135 | D:7      | Reached skill level 1 in Armour
  7305 | D:7      | Reached skill level 5 in Fighting
  7510 | D:7      | Noticed Joseph
  7527 | D:7      | Killed Joseph
  8179 | D:8      | Reached * piety under Qazlal
  8247 | D:8      | Found a white marble altar of Elyvilon.
  8405 | D:8      | Noticed Maggie
  8419 | D:8      | Killed Maggie
  8420 | D:8      | Reached skill level 12 in Long Blades
  8420 | D:8      | Reached skill level 5 in Armour
  8420 | D:8      | Reached XP level 10. HP: 56/61 MP: 11/11
  9302 | D:9      | Identified the +6 chain mail of the Dwarven Hall {rCorr
                  | Dex+3}
  9715 | D:9      | Found a radiant altar of Vehumet.
  9718 | D:9      | Found a burning altar of Makhleb.
  9875 | D:10     | Entered Level 10 of the Dungeon
  9888 | D:10     | Noticed Snorg
 10015 | D:10     | HP: 3/64 [centaur/arrow (7)]
 10016 | D:10     | Noticed Nergalle
 10022 | D:10     | Slain by a spectral orc knight

Illustrated notes

Levels and vault maps discovered:
D:1:      lemuel_arrival_lava_pool, layout_basic, ebering_ecumenical_altar_hall,
          minmay_tree_intersection
D:2:      layout_basic, basic_altar
D:3:      layout_basic, nicolae_wu_jian_wuxing_cycle,
          nicolae_dithmenos_the_darkroom
D:4:      layout_loops_ring
D:5:      layout_loops_ring, bloody_trog, serial_shops,
          nicolae_shop_temple_entry_statues_fountains, dk_noncrumbling_3,
          uniq_edmund
D:6:      layout_cave_pods, mainiacjoe_overflow_six_doors_small, serial_shops,
          nicolae_shop_hallway_plus, nicolae_nh_ransacked_shop
D:7:      minmay_recursive_quarters, layout_cave_pools, hangedman_ru_absence,
          lemuel_temple_firewalk_b, serial_bayou, serial_bayou_pond_a,
          serial_bayou_lagoon_b, serial_bayou_pond_a, serial_bayou_shore_a,
          uniq_joseph, uniq_jeremiah
D:8:      layout_loops_ring, elyvilon_altar_5, uniq_maggie
D:9:      layout_rooms, grunt_temple_overflow_lords_of_destruction,
          serial_bayou_pond_d, grunt_ministairs_8
D:10:     cheibrodos_ideogram_h, layout_irregular_city,
          nemelex_xobeh_ov_fountains_minmay, mainiacjoe_overflow_alcove_2,
          uniq_snorg, uniq_nergalle
Temple:   nicolae_temple_slightly_damp_pantheon

Skill      XL: |  1  2  3  4  5  6  7  8  9 10 |
---------------+-------------------------------+-----
Long Blades    | 4 5 6 7 8 10 12 | 12.8
Dodging        | 5 |  5.3
Fighting       | 4 6 7 |  7.9
Armour         | 5 6 |  6.8
Throwing       | |  2.0

Action                     |  1- 3 |  4- 6 |  7- 9 | 10-12 || total
---------------------------+-------+-------+-------+-------++-------
  Melee: Long sword        |    68 |   113 |    59 |       ||   240
         Kick              |    18 |    28 |    55 |    35 ||   136
         Peck              |     9 |    21 |    48 |    17 ||    95
         Punch             |       |     1 |     3 |     1 ||     5
         Dagger            |       |     4 |       |       ||     4
         Scimitar          |       |       |   162 |   100 ||   262
  Throw: Dart              |       |     2 |       |       ||     2
         Throwing net      |       |     3 |       |       ||     3
         Javelin           |       |       |     1 |       ||     1
  Evoke: Wand              |       |       |     2 |       ||     2
    Use: Scroll            |       |       |     6 |     4 ||    10
         Potion            |       |       |     1 |     2 ||     3
   Stab: Sleeping          |       |     1 |     1 |       ||     2
         Held in net/web   |       |     2 |       |       ||     2
 Armour: Leather armour    |    27 |    56 |    46 |       ||   129
         Chain mail        |       |       |    37 |    64 ||   101
  Dodge: Dodged            |    35 |    54 |   158 |    87 ||   334
  Block: Other             |       |       |       |     8 ||     8

Table legend: (Time is in decaauts)
 A = Elapsed time spent in this place.
 B = Non-inter-level travel time spent in this place.
 C = Inter-level travel time spent in this place.
 D = Time resting spent in this place.
 E = Time spent auto-exploring this place.
 F = Levels seen in this place.
 G = Mean time per level.
                   A        B        C        D        E       F      G
               +--------+--------+--------+--------+--------+-----+--------+
         Total |   9992 |   9293 |    699 |   2010 |   5616 |  11 |  908.4 |
       Dungeon |   9953 |   9290 |    663 |   2010 |   5616 |  10 |  995.3 |
        Temple |     38 |      2 |     36 |      0 |      0 |   1 |   38.0 |
               +--------+--------+--------+--------+--------+-----+--------+

Top non-repeatable levels by time:
     D:6: 1696 daAuts
     D:7: 1387 daAuts
     D:3: 1149 daAuts
     D:8: 1070 daAuts
     D:1: 1047 daAuts
     D:4: 966 daAuts
     D:9: 899 daAuts
     D:5: 867 daAuts
     D:2: 829 daAuts
    D:10: 39 daAuts
  Temple: 38 daAuts
